 Dungeon Crawl Stone Soup version 0.19.5 (webtiles) character file.

119 SirLoin the Covered (level 4, -11/41 HPs)
             Began as a Minotaur Fighter on Apr 4, 2017.
             Mangled by an orc warrior
             ... wielding a +0 flail
              (20 damage)
             ... on level 4 of the Dungeon.
             The game lasted 00:13:37 (3201 turns).

SirLoin the Covered (Minotaur Fighter)              Turns: 3201, Time: 00:13:38

Health: -11/41     AC:  7    Str: 21    XL:     4   Next: 73%
Magic:  3/3        EV:  7    Int:  5    God:
Gold:   72         SH:  9    Dex: 10    Spells: 0 memorised, 3 levels left

rFire  . . .     SeeInvis .     a - +0 flail
rCold  . . .     Gourm    .     b - +0 scale mail
rNeg   . . .     Faith    .     c - +0 shield
rPois  .         Spirit   .     (helmet restricted)
rElec  .         Reflect  .     (no cloak)
rCorr  .         Harm     .     (no gloves)
MR     .....                    (no boots)
Stlth  ..........               (no amulet)
                                (no ring)
                                (no ring)

@: no status effects
A: retaliatory headbutt, horns 2
a: no special abilities


You were on level 4 of the Dungeon.
You were not hungry.

You visited 1 branch of the dungeon, and saw 4 of its levels.

You collected 72 gold pieces.

Inventory:

Hand Weapons
 a - a +0 flail (weapon)
Armour
 b - a +0 scale mail (worn)
 c - a +0 shield (worn)
 p - a +1 pair of gloves
Jewellery
 g - an uncursed amulet of guardian spirit {unknown}
 m - an uncursed ring of fire {unknown}
 q - a +2 ring of dexterity {unknown}
Wands
 s - a wand of paralysis (10/24)
Scrolls
 i - a scroll of fear {unknown}
 j - a scroll of teleportation {unknown}
 k - 4 scrolls of identify {unknown}
 n - a scroll of recharging {unknown}
 r - a scroll of remove curse {unknown}
 u - a scroll of enchant armour {unknown}
 v - a scroll of random uselessness {unknown}
Potions
 d - 3 potions of might
 e - 2 potions of mutation {unknown}
 h - 3 potions of curing {unknown}
 l - a potion of experience {unknown}
 o - a potion of cancellation {unknown}
Comestibles
 f - 3 bread rations
 t - 5 chunks of flesh


   Skills:
 + Level 4.3 Fighting
 + Level 3.7 Maces & Flails
 + Level 4.7 Armour
 + Level 0.4 Dodging
 + Level 0.1 Stealth
 + Level 4.3 Shields


You had 3 spell levels left.
You didn't know any spells.

Dungeon Overview and Level Annotations

Branches:
Dungeon (4/15)
 Temple: D:4-7

Altars:

Shops:
D:4 [


Innate Abilities, Weirdness & Mutations

You reflexively headbutt those who attack you in melee.
You have a pair of horns on your head.


Message History

The orc warrior is moderately wounded.
The orc warrior hits you with a flail.
You hit the orc warrior but do no damage.
The orc warrior is moderately wounded.
The orc warrior hits you with a flail!!
An orc wizard comes into view. It is wielding a dagger.
You hit the orc warrior.
The orc warrior is heavily wounded.
The orc warrior hits you with a flail!
* * * LOW HITPOINT WARNING * * *
An adder comes into view.
The adder hisses angrily.
You hit the orc warrior but do no damage.
The orc warrior is heavily wounded.
The orc warrior barely misses you.
The orc wizard casts a spell.
The orc wizard seems to speed up.
The orc wizard hits you but does no damage.
The orc warrior hits you with a flail!!
You die...

.o . P .. . #..#.
...S.## .......###
#..o...oo##
#......o@.##
#..........###
..#.....^....### ###
##...........####..##
##?....###....#....##
##...## ###.........
##### #.<.......
#...........
#............


You could see an orc warrior, 2 orc wizards, an adder and an orc.

Vanquished Creatures
  5 adders
  An ooze (D:2)
  3 worms (D:2)
  2 dart slugs
  A leopard gecko (D:1)
  5 orcs (D:3)
  3 giant cockroaches
  5 goblins
  2 hobgoblins
  11 jackals
  3 kobolds
  2 quokkas
  3 frilled lizards
  4 rats
50 creatures vanquished.

Notes
Turn   | Place    | Note
-------+----------+-------------------------------------------
     0 | D:1      | SirLoin the Minotaur Fighter began the quest for the Orb.
     0 | D:1      | Reached XP level 1. HP: 19/19 MP: 0/0
   439 | D:1      | Reached XP level 2. HP: 25/27 MP: 1/1
  1759 | D:2      | Reached XP level 3. HP: 29/33 MP: 2/2
  2197 | D:2      | Reached XP level 4. HP: 35/40 MP: 3/3
  3188 | D:4      | Found Dyxatuex's Antique Armour Boutique.
  3188 | D:4      | Noticed an orc warrior
  3201 | D:4      | Mangled by an orc warrior

Skill      XL: |  1  2  3 |
---------------+----------+-----
Fighting       | 4 |  4.3
Armour         | 4 |  4.7
Maces & Flails | 3 |  3.7
Shields        | 4 |  4.3
Dodging        | |  0.4
Stealth        | |  0.1

Action                   |  1- 3 |  4- 6 || total
-------------------------+-------+-------++-------
Melee: Flail             |    85 |    52 ||   137
       Headbutt          |    11 |     7 ||    18
  Eat: Chunk             |     3 |     4 ||     7
Armor: Scale mail        |    42 |    30 ||    72
Dodge: Dodged            |    23 |    23 ||    46
Block: Shield            |    58 |    35 ||    93
